Map: Abyssal Reef LE

Players

Ryung

  • Race: Terran Terran
  • Spawn Location: 11:00

Snute - Winner!

  • Race: Zerg Zerg
  • Spawn Location: 5:00

Event: IEM XI Katowice - World Championship 2017

VOD

Have the link to the VOD?

Description

Time

  • Played on: March 2, 2017, 8:58 a.m.
  • Length: 12:12

All games in this series

Show
View Real Time Build Order
Export as new Build Order

Ryung Terran 

Build Orders: Reaper Expand, Hellion Banshee 

Get SALT Encoding   

  12  0:00  SCV  
  13  0:13  SCV  
  14  0:17  Supply Depot  
  14  0:25  SCV  
  14  0:27  Refinery  
  15  0:38  SCV  
  16  0:44  Barracks  
  16  0:50  SCV  
  17  1:03  SCV  
  18  1:15  SCV  
  19  1:30  Orbital Command  
  19  1:31  Reaper  
  20  1:42  Command Center  
  20  1:52  Factory  
  20  1:57  SCV  
  21  2:06  Barracks Reactor  
  21  2:09  SCV  
  21  2:13  Supply Depot  
  21  2:15  Refinery  
  22  2:21  SCV  
  23  2:41  SCV  
  23  2:43  Starport  
  24  2:50  Hellion x2  
  28  2:53  SCV  
  28  2:55  Orbital Command  
  28  2:57  Barracks Tech Lab  
  29  3:05  SCV  
  30  3:12  Hellion x2  
  34  3:17  SCV  
  35  3:25  SCV  
  36  3:33  Viking  
  38  3:37  SCV x2  
  38  3:40  Cloaking Field  
  40  3:43  Supply Depot, Hellion x2  
  44  3:49  SCV x2  
  46  4:02  SCV  
  46  4:03  SCV  
  46  4:08  Hellion x2  
  42  4:11  Banshee  
  42  4:14  SCV  
  42  4:15  SCV  
  47  4:26  SCV  
  47  4:27  SCV  
  49  4:32  Command Center  
  50  4:38  SCV  
  50  4:39  SCV  
  50  4:43  Supply Depot  
  50  4:44  Barracks Tech Lab, Starport  
  51  4:48  Hellion  
  51  4:50  SCV  
  54  4:55  Refinery  
  54  4:56  Refinery  
  54  5:02  Supply Depot  
  54  5:03  Starport  
  54  5:04  Banshee, SCV  
  58  5:12  Hellion x2  
  58  5:13  SCV  
  55  5:16  Supply Depot, SCV  
  56  5:25  SCV  
  57  5:28  SCV  
  57  5:34  Hellion x2  
  57  5:35  Hyperflight Rotors  
  62  5:37  SCV  
  62  5:41  SCV  
  64  5:46  Orbital Command  
  64  5:49  Banshee, SCV  
  68  5:51  Banshee  
  68  5:53  SCV  
  72  5:59  Hellion x2  
  72  6:01  SCV  
  72  6:02  Armory  
  77  6:05  SCV  
  76  6:21  SCV  
  76  6:22  SCV x2  
  73  6:28  Hellion x2  
  73  6:32  Factory, Orbital Command  
  77  6:33  Factory  
  77  6:35  SCV x2  
  79  6:43  Banshee x2  
  85  6:51  Terran Vehicle Weapons Level 1  
  85  6:54  SCV x2  
  87  6:58  SCV  
  92  7:01  Hellion x2  
  92  7:03  Supply Depot  
  92  7:04  Supply Depot  
  92  7:05  Supply Depot, Refinery  
  92  7:06  SCV  
  92  7:08  Refinery  
  93  7:21  Factory Tech Lab  
  93  7:22  Factory Tech Lab  
  93  7:23  Factory  
  93  7:25  SCV x3  
  93  7:27  Engineering Bay  
  93  7:28  Supply Depot x2, Banshee x2  
  102  7:36  Supply Depot  
  102  7:37  SCV x2  
  104  7:42  Factory  
  100  7:57  Thor x2  
  104  8:00  SCV x3  
  104  8:01  Supply Depot  
  107  8:11  Banshee x2, Hellion x2  
  117  8:15  Factory Reactor  
  114  8:21  Supply Depot, SCV x2  
  114  8:22  Supply Depot, SCV  
  117  8:28  Factory Tech Lab  
  110  8:36  Missile Turret  
  110  8:37  Missile Turret, SCV x3  
  111  8:42  Missile Turret, Siege Tank x2  
  114  8:51  Missile Turret  
  114  8:52  Terran Vehicle Weapons Level 2  
  114  8:53  Armory  
  114  8:55  SCV x2  
  114  8:58  SCV  
  109  9:02  Missile Turret  
  109  9:07  SCV x2  
  109  9:09  Siege Tank  
  114  9:10  SCV, Hellion x4  
  123  9:18  Siege Tank x2  
  129  9:24  SCV x3  
  129  9:31  Banshee x2  
  132  9:32  Command Center  
  138  9:41  Hellion x4  
  138  9:43  Siege Tank  
  149  9:50  Siege Tank  
  149  10:05  Siege Tank  
  149  10:06  Infernal Pre-Igniter  
  149  10:12  Hellion  
  149  10:13  Hellion  
  149  10:14  Banshee x2  
  150  10:23  Siege Tank x2, Hellion x2  
  150  10:26  SCV x3  
  150  10:27  Supply Depot  
  163  10:28  Supply Depot  
  163  10:31  Refinery  
  152  10:35  Refinery  
  134  10:43  SCV x3  
  134  10:44  Siege Tank, Hellion x2  
  134  10:45  Hellion  
  134  10:48  Planetary Fortress  
  141  10:55  Siege Tank  
  136  11:06  Banshee x2  
  125  11:12  Hellion x4  
  125  11:14  Siege Tank  
  116  11:29  Siege Tank  
  116  11:30  Siege Tank  
  116  11:32  Sensor Tower  
  122  11:38  Hellion x2  
  125  11:43  Command Center  
  110  11:59  SCV x3  
Show
View Real Time Build Order
Export as new Build Order

Snute Zerg - Winner!

Build Orders: Hatch First, Swarm Host 

Get SALT Encoding   

  12  0:00  Drone  
  13  0:12  Overlord  
  13  0:16  Drone  
  14  0:30  Drone x2  
  14  0:34  Drone  
  17  0:51  Hatchery  
  17  0:54  Drone  
  17  0:57  Drone  
  17  1:03  Extractor  
  17  1:15  Spawning Pool, Drone  
  17  1:20  Drone  
  18  1:27  Drone  
  19  1:38  Overlord  
  19  1:49  Drone  
  20  2:00  Drone  
  21  2:01  Queen  
  21  2:02  Queen  
  21  2:04  Metabolic Boost  
  21  2:07  Zergling x2  
  26  2:10  Zergling x2  
  26  2:14  Zergling x2  
  28  2:21  Drone  
  29  2:25  Drone  
  30  2:32  Overlord  
  29  2:37  Queen  
  29  2:42  Overlord  
  29  2:43  Drone  
  32  2:46  Drone  
  33  2:53  Drone  
  35  2:58  Drone  
  35  3:04  Drone  
  36  3:07  Drone  
  36  3:11  Drone x3  
  40  3:14  Drone x3  
  43  3:24  Overlord  
  43  3:26  Queen, Hatchery  
  44  3:35  Zergling x4  
  44  3:36  Zergling x2  
  44  3:37  Queen  
  49  3:41  Overlord  
  49  3:48  Drone x2  
  51  3:49  Baneling Nest  
  51  3:51  Drone x2  
  51  3:55  Drone  
  53  3:56  Drone x2  
  50  4:04  Drone x2  
  50  4:08  Drone  
  49  4:14  Drone x2  
  51  4:18  Overlord  
  51  4:20  Drone x3  
  51  4:21  Drone  
  51  4:24  Drone  
  56  4:29  Drone  
  56  4:30  Drone  
  55  4:37  Spore Crawler  
  54  4:40  Zergling x2  
  54  4:41  Zergling x2  
  54  4:45  Spore Crawler x2  
  54  4:47  Zergling x8  
  54  4:50  Overlord  
  54  4:51  Drone  
  58  4:54  Drone  
  58  4:55  Drone  
  58  5:10  Drone  
  58  5:11  Drone  
  58  5:15  Drone x3  
  58  5:16  Drone x5  
  58  5:18  Drone x3  
  58  5:20  Overlord  
  69  5:24  Lair  
  69  5:25  Drone  
  70  5:29  Drone  
  70  5:30  Drone x2  
  70  5:35  Extractor x2, Drone  
  72  5:36  Extractor  
  72  5:38  Extractor x2  
  72  5:39  Drone x2  
  72  5:41  Drone  
  72  5:47  Overlord  
  72  5:48  Drone x3  
  75  5:53  Roach Warren, Drone x5  
  75  5:55  Queen  
  75  5:56  Drone  
  82  6:01  Overlord  
  82  6:05  Overlord  
  82  6:08  Drone x3  
  85  6:13  Evolution Chamber  
  85  6:14  Zergling x4  
  81  6:23  Drone  
  81  6:24  Drone x6  
  87  6:28  Overseer  
  87  6:32  Glial Reconstitution  
  87  6:36  Drone x5  
  87  6:37  Spire  
  85  6:54  Overlord  
  85  6:56  Drone  
  85  6:57  Drone  
  85  6:59  Hatchery  
  86  7:02  Drone x2  
  86  7:04  Spore Crawler  
  86  7:06  Overlord  
  87  7:14  Zerg Missile Weapons Level 1  
  87  7:17  Overlord x2  
  86  7:26  Drone x2  
  86  7:29  Extractor  
  87  7:31  Infestation Pit  
  87  7:34  Extractor  
  85  7:38  Overlord  
  85  7:43  Roach x3  
  85  7:44  Roach  
  93  7:46  Zergling x16  
  93  7:49  Mutalisk x6  
  105  8:00  Overseer, Pneumatized Carapace  
  104  8:25  Corruptor x10  
  111  8:45  Drone x12  
  114  8:57  Drone x4  
  114  9:13  Overlord  
  114  9:18  Swarm Host x12  
  150  9:27  Spore Crawler  
  150  9:28  Roach  
  150  9:30  Overlord x4  
  151  9:36  Roach x3  
  157  9:42  Roach  
  157  9:43  Overlord  
  157  9:44  Overlord x3  
  159  9:50  Zerg Missile Weapons Level 2  
  159  10:03  Roach x8  
  159  10:04  Roach x2  
  171  10:17  Swarm Host  
  171  10:18  Swarm Host x6  
  190  10:24  Roach  
  190  10:25  Roach x3  
  182  10:41  Roach x7  
  187  10:46  Roach  
  187  10:47  Roach x6  
  189  10:51  Ravager x5  
  189  10:52  Ravager  
  178  11:07  Roach x5  
  178  11:08  Roach x6  
  198  11:16  Swarm Host x3, Roach  
  187  11:48  Roach x6  

Tags
 
Add a new tag
Caveats
  • Supply blocks, unpowered buildings, or Contaminate may cause inaccurate times.
  • Supply counts are checked every 10 seconds.